 Dungeon Crawl Stone Soup version 0.30.1-9-gdf580d7c3d (webtiles) character file.

Game seed: 9054774278219944769

1753987 LordWeiramon the Slayer (level 26, 228/228 HPs)
             Began as a Demonspawn Berserker on Oct 12, 2023.
             Was a High Priest of Trog.
             Escaped with the Orb
             ... and 3 runes!
             The game lasted 05:17:10 (62733 turns).

LordWeiramon the Slayer (Demonspawn Berserker)     Turns: 62733, Time: 05:17:11

Health: 228/228    AC: 44    Str: 27 (30) XL:     26   Next: 38%
Magic:  32/32      EV: 18    Int:  6 (9)  God:    Trog [*****.]
Gold:   2817       SH: 29    Dex: 14 (18) Spells: 25/25 levels left

rFire   + . .        a - +9 demon whip (heavy)
rCold   + + .        K - +0 tower shield
rNeg    . . .        e - +12 gold dragon scales
rPois   +            v - +2 helmet {SInv}
rElec   +            (cloak unavailable)
rCorr   .            Z - +1 pair of gloves {Dex+3}
SInv    +            S - +1 pair of boots "Gamos" {Str+3}
Will    +....        I - amulet of Vitality {RegenMP++ Regen++} Stlth
                     o - ring "Zushoaj" {Drain rElec rPois rC+ MP+9}
HPRegen 2.18/turn    l - +5 ring of evasion
MPRegen 1.03/turn

%: no passive effects
@: no status effects
A: large bone plates 3, demonic guardian 3, foul stench 3, black mark,
bedeviling, weakness stinger 3, poison resistance, wild magic 1
0: Orb of Zot
}: 3/15 runes: decaying, silver, gossamer
a: Renounce Religion, Berserk, Trog's Hand, Brothers in Arms


You escaped.
You worshipped Trog.
Trog was extremely pleased with you.
You visited 9 branches of the dungeon, and saw 47 of its levels.
You also visited: Ossuary, Bailey, Gauntlet and Ice Cave.

You collected 7988 gold pieces.
You spent 5171 gold pieces at shops.

Inventory:

Hand Weapons
 a - a +9 heavy demon whip (weapon)
 b - a +7 eveningstar of flaming
Missiles
 J - a throwing net (quivered)
Armour
 e - +12 gold dragon scales (worn)
 v - a +2 helmet of see invisible (worn)
 K - a +0 tower shield (worn)
 S - the +1 pair of boots "Gamos" (worn) {Str+3}
   (You found it on level 3 of the Elven Halls)

   Str:       It affects your strength (+3).
 Z - a +1 pair of gloves of dexterity (worn)
Jewellery
 c - a ring of protection from fire
 f - the ring "Totho" {rC+ Dex+6}
   (You found it on level 2 of the Realm of Zot)

   [ring of dexterity]

   Dex:       It affects your dexterity (+6).
   rC:        It protects you from cold.
 l - a +5 ring of evasion (right hand)
 o - the ring "Zushoaj" (left hand) {Drain rElec rPois rC+ MP+9}
   (You acquired it on level 14 of the Dungeon)

   [ring of poison resistance]

   rC:        It protects you from cold.
   rElec:     It insulates you from electricity.
   rPois:     It protects you from poison.
   MP:        It affects your magic capacity (+9).
   Drain:     It drains your maximum health when unequipped.
 s - a +4 ring of protection
 t - a ring of positive energy
 x - the amulet of the Fool {+Blink rElec Regen+ Stlth+}
   (You found it on level 3 of the Swamp)

   [amulet of regeneration]

   rElec:     It insulates you from electricity.
   +Blink:    It lets you blink.
   Regen:     It increases your rate of health regeneration.
   Stlth:     It makes you more stealthy.
 I - the amulet of Vitality (around neck) {RegenMP++ Regen++}
   (You found it on level 3 of the Elven Halls)

   [amulet of magic regeneration]

   It increases your rate of magic regeneration.
   Regen:     It increases your rate of health regeneration.
 L - a ring of resist corrosion
 P - the ring of the Gnashing Ancients {Fly rElec rPois}
   (You took it off a deep elf demonologist on level 3 of the Elven Halls)

   [ring of flight]

   rElec:     It insulates you from electricity.
   rPois:     It protects you from poison.
   Fly:       It grants you flight.
Wands
 d - a wand of mindburst (25)
 q - a wand of roots (62)
 y - a wand of paralysis (43)
 C - a wand of acid (46)
 G - a wand of flame (90)
 M - a wand of digging (12)
 U - a wand of polymorph (33)
Scrolls
 h - 34 scrolls of teleportation
 k - 14 scrolls of fog
 n - 13 scrolls of poison
 A - 12 scrolls of magic mapping
 B - 16 scrolls of blinking
 E - 10 scrolls of fear
 V - 7 scrolls of summoning
 Y - 2 scrolls of silence
Potions
 g - 3 potions of resistance
 i - a potion of cancellation
 m - 8 potions of magic
 p - 9 potions of might
 r - 25 potions of curing
 u - 14 potions of heal wounds
 w - 13 potions of flight
 z - 10 potions of mutation
 D - 11 potions of ambrosia
 H - 10 potions of invisibility
 N - 9 potions of haste
 O - 8 potions of berserk rage
Miscellaneous
 j - a box of beasts
 F - a phial of floods
 Q - a phantom mirror
 R - a lightning rod (4/4)
 W - a condenser vane


   Skills:
 + Level 23.1 Fighting
 - Level 20.0 Maces & Flails
 - Level 20.0 Armour
 - Level 20.0 Dodging
 - Level 20.0 Shields
 - Level 10.0 Evocations


You had 25 spell levels left.
You didn't know any spells.
Your spell library was empty.

Dungeon Overview and Level Annotations

Branches:
Dungeon (15/15)            Temple (0/1) D:7            Lair (5/5) D:8
  Swamp (4/4) Lair:2       Spider (4/4) Lair:2        Slime (0/5) Lair:4
    Orc (2/2) D:11            Elf (3/3) Orc:2        Vaults (5/5) D:14
  Crypt (0/3) Vaults:3     Depths (4/4) D:15            Zot (5/5) Depths:4
Ossuary (visited)          Bailey (visited)           IceCv (visited)
Gauntlet (visited)

Altars:
Ashenzari
Dithmenos
Fedhas
Hepliaklqana
Kikubaaqudgha
Makhleb
Nemelex Xobeh
Okawaru
Qazlal
Sif Muna
Uskayaw
Wu Jian
Yredelemnul
Jiyva
Lugonu

Shops:
D:2 (   D:6 :   D:14 ?   Orc:1 *   Orc:2 :[?   Vaults:1 [   Vaults:2 :*!:[
Vaults:3 :   Depths:2 !?![=

Portals:
Hell: Depths:1 Depths:2 Depths:3 Depths:4
Abyss: Depths:1 Depths:3
Pandemonium: Orc:2 Depths:2
Ziggurat: Depths:2
Trove: D:10 (give +5 ice dragon scales)


Innate Abilities, Weirdness & Mutations

You are completely covered in large bone plates. (SH +8)
A powerful demonic guardian rushes to your aid.
You frequently emit foul miasma when damaged in melee.
Your melee attacks may debilitate your foes.
Your hexes are more powerful.
You have a sharp stinger which inflicts weakening toxins.
Your system is resistant to poisons. (rPois)
Your spells are a little harder to cast, but a little more powerful.


Message History

There is a stone staircase leading up here.
You climb upwards.
There is a stone staircase leading down here.
You see here a +0 short sword.
There is a stone staircase leading up here.
You climb upwards.
There is a stone staircase leading down, spattered with blood here.
There is an escape hatch in the ceiling here.
A mysterious force pulls you upwards. The hatch slams shut behind you.
There is an open door here.
As you open the door, it creaks loudly!
(D) Dungeon (T) Temple (L) Lair (S) Swamp (N) Spider Nest (M) Slime Pits (O) Orcish Mines (E) Elven Halls (V) Vaults (C) Crypt (U) Depths (H) Hell (Z) Zot
Where to? (Enter - D:1 @ (x,y), ? - help)
There is an open door here.
There is a stone staircase leading up here.
You climb upwards.
There is a stone staircase leading down here.
A blizzard demon comes into view.
Blink to where?
Press: ? - help, Dir - move target
As you read the scroll of blinking, it crumbles to dust.
The blizzard demon moves out of view.
You climb upwards.
There is a stone staircase leading down here.
(D) Dungeon (T) Temple (L) Lair (S) Swamp (N) Spider Nest (M) Slime Pits (O) Orcish Mines (E) Elven Halls (V) Vaults (C) Crypt (U) Depths (H) Hell (Z) Zot
Where to? (Enter - D:1 @ (x,y), ? - help)
There is an open door here.
There is a stone staircase leading up here.
You climb upwards.
There is a stone staircase leading down here.
You see here a +0 animal skin.
There is an open gate here.
There is a staircase leading out of the dungeon here.
You have escaped!

#.......#.#####............
#.........# ######.###.#.
##.....#.## #.#...#>
##...#..# ########.#.##..
####..#####.....>.).....#
#..............[.....####
#....##'''##.............
#....#.....#........##...
#....#..@..#........##.##
####.#.....#...........#
#.#.....#........#..#
#.##'''##........####
#................#
#####......####### ########


There were no monsters in sight!

Vanquished Creatures
  A dread lich (Zot:5)
  3 ancient liches
  2 orbs of fire (Zot:5)
  A juggernaut (Depths:3)
  Bai Suzhen (Vaults:2)
  6 Killer Klowns (Zot:5)
  Xtahua (Vaults:2)
  The ghost of Tatuomawusk the Slayer, a master VSBe of Trog (Zot:2)
  2 curse toes
  Nikola (Vaults:2)
  11 golden dragons
  4 bone dragons
  Arachne (Spider:4)
  The ghost of Zonian the Sorcerer, a veteran DEIE of Ashenzari (Vaults:4)
  2 electric golems
  3 doom hounds (Zot:3)
  2 Tzitzimimeh
  Jorgrun (D:15)
  15 tentacled monstrosities
  Asterion (Spider:3)
  3 liches
  Grunn (Zot:3)
  4 titans (Vaults:5)
  2 deep elf master archers (Elf:3)
  3 deep elf blademasters
  8 acid blobs
  24 Orb Guardians (Zot:5)
  8 quicksilver dragons
  6 sphinxes
  3 death cobs
  Kirke (D:15)
  Frances (D:14)
  Roxanne (Elf:2)
  16 storm dragons
  A thorn hunter (Swamp:2)
  Agnes (D:14)
  3 rockslimes (Zot:2)
  21 shadow dragons
  7 draconian monks
  2 tengu reavers
  2 fenstrider witches
  The ghost of Zujy the Severer, an adept DsFi of Okawaru (Depths:3)
  An azure jelly (Zot:2)
  5 draconian knights
  3 iron dragons
  4 deep elf sorcerers (Elf:3)
  15 frost giants
  10 draconian scorchers
  6 fire giants
  6 emperor scorpions
  24 vault wardens
  2 ghost moths
  3 draconian shifters
  6 draconian stormcallers
  3 reapers
  Louise (D:15)
  2 deep elf elementalists (Elf:3)
  A spectral juggernaut (Depths:1)
  2 orc warlords
  3 spriggan defenders
  19 very ugly things
  A ghoul (Swamp:2)
  18 ironbound preservers
  3 broodmothers (Spider:3)
  13 stone giants
  6 draconian annihilators
  7 green draconians
  A quicksilver ooze (Zot:2)
  A quicksilver ooze (shapeshifter) (Elf:1)
  4 war gargoyles
  4 deep elf demonologists
  9 ironbound thunderhulks
  8 deep elf annihilators
  11 black draconians
  Nessos (D:15)
  2 vampire knights (Depths:2)
  3 eleionomae
  2 bunyips (Swamp:4)
  16 dire elephants
  5 red draconians
  18 yellow draconians
  5 purple draconians
  3 spark wasps (Depths:3)
  13 white draconians
  Azrael (Spider:3)
  A minotaur (Gauntlet)
  A crystal guardian (Vaults:3)
  Snorg (Lair:3)
  A blizzard demon (Depths:2)
  16 ettins
  9 fire dragons
  6 deep elf death magi
  14 yaktaur captains
  2 shambling mangroves
  An entropy weaver (shapeshifter) (Vaults:5)
  7 great orbs of eyes
  4 deep elf high priests
  7 entropy weavers
  11 ice dragons
  3 peacekeepers
  3 rakshasas
  9 hydras
  3 demonspawn (Orc:2)
  40 vault guards
  3 hell beasts
  A ghost crab (Swamp:2)
  14 ironbound frosthearts
  A jorogumo (shapeshifter) (Vaults:5)
  5 radroaches
  5 two-headed ogres
  3 caustic shrike simulacra (IceCv)
  15 boulder beetles
  A jorogumo (Spider:4)
  A spriggan air mage (Depths:2)
  11 centaur warriors
  20 dancing weapons
  6 deep troll shamans
  A catoblepas (D:14)
  2 death scarabs
  10 alligators
  A vampire mage (Depths:2)
  6 tengu warriors
  8 orc high priests
  6 deep troll earth magi
  5 hell knights (Depths:1)
  12 deep elf knights
  5 spriggan berserkers
  7 iron trolls
  6 skeletal warriors
  A sun moth (Spider:1)
  A soul eater (Depths:4)
  8 pharaoh ants
  7 shadow wraiths (Depths:2)
  4 spriggan druids
  A golden dragon zombie (Depths:2)
  A quicksilver dragon simulacrum (Depths:4)
  4 swamp dragons
  7 deep elf archers
  A glowing orange brain (Vaults:4)
  19 ironbound convokers
  A flayed ghost (Depths:4)
  41 deep trolls
  4 shadow demons
  3 obsidian statues
  A golden dragon skeleton (Depths:2)
  A tengu zombie (Depths:2)
  4 spectral hydras (Swamp:4)
  6 orb spiders
  9 bog bodies
  10 lindwurms
  5 harpies (Vaults:1)
  13 orc knights
  6 phantasmal warriors
  6 wizards
  A faun (shapeshifter) (Vaults:5)
  20 deep elf pyromancers
  32 ugly things
  4 necromancers
  10 steelbarb worms
  19 deep elf zephyrmancers
  4 cyclopes
  3 oklob plants
  3 orc sorcerers
  A manticore (D:9)
  24 moths of wrath
  An ice statue (Gauntlet)
  3 will-o-the-wisps
  4 elephants (Lair:2)
  12 wolf spiders
  A centaur zombie (D:15)
  A moth of wrath (shapeshifter) (Vaults:4)
  16 vault sentinels
  2 rust devils (Orc:2)
  9 black mambas
  A frost giant skeleton (Depths:2)
  A guardian serpent (Lair:5)
  11 demonic crawlers
  A water nymph (shapeshifter) (Vaults:4)
  10 torpor snails
  2 centaur skeletons (D:15)
  3 orange demons
  11 cane toads
  2 eyes of devastation (Zot:2)
  2 gargoyles
  An unseen horror (shapeshifter) (D:14)
  2 swamp worm zombies (Swamp:4)
  2 rime drakes
  2 hellions (Zot:3)
  3 unseen horrors
  10 freezing wraiths
  30 yaktaurs
  A golden dragon simulacrum (IceCv)
  7 komodo dragons
  2 tengu conjurers
  5 red devils
  An ice devil (IceCv)
  A queen bee (shapeshifter) (Vaults:5)
  5 hydra zombies (Swamp:4)
  8 meliai
  7 trolls
  A bloated husk (Swamp:2)
  A wolf spider simulacrum (D:15)
  A polar bear (shapeshifter) (Vaults:5)
  6 tyrant leeches
  A polar bear (Lair:5)
  Prince Ribbit (D:6)
  15 hornets
  8 tarantellas
  A hornet (shapeshifter) (Depths:1)
  3 alligator zombies (Swamp:4)
  2 spectral swamp dragons (Swamp:4)
  A harpy skeleton (D:15)
  A dream sheep (shapeshifter) (Depths:4)
  13 blink frogs
  A frost giant simulacrum (Depths:2)
  4 air elementals
  6 centaur simulacra (D:15)
  15 culicivoras
  Sigmund (D:3)
  33 slime creatures
  14 jumping spiders
  8 spriggans
  2 shadows
  A wraith (D:11)
  13 wyverns
  2 vampires
  2 water elementals
  2 hogs (shapeshifter)
  32 yaks
  4 basilisks
  6 humans
  5 fire elementals
  A steam dragon (D:8)
  56 redbacks
  5 vampire mosquitoes
  A neqoxec (Orc:2)
  A minotaur simulacrum (IceCv)
  Edmund (D:6)
  3 wargs
  5 acid dragons
  15 swamp worms
  4 hell hounds (Spider:3)
  2 hydra simulacra (IceCv)
  12 water moccasins
  A water moccasin (shapeshifter) (Depths:3)
  A floating eye (Depths:1)
  42 orc warriors
  4 ettin simulacra (IceCv)
  4 swamp drakes
  A sky beast (D:7)
  5 ice beasts
  4 black bears
  2 swamp dragon zombies (Swamp:4)
  3 ogres
  3 boggarts (Vaults:3)
  8 centaurs
  15 wolves
  7 phantoms (Swamp:4)
  2 lemures (D:5)
  2 kobold brigands
  3 elf zombies (Ossuary)
  11 bullfrogs
  A gnoll sergeant (D:8)
  2 earth elementals (Elf:2)
  9 wights (D:8)
  5 killer bees
  6 howler monkeys
  7 electric eels
  3 hounds
  A human zombie (Ossuary)
  20 jellies
  23 orc priests
  2 sleepcaps
  An iguana (D:6)
  A boggart zombie (D:15)
  14 orc wizards
  2 spectral swamp drakes (Swamp:4)
  7 hell rats (Lair:3)
  2 mummies (Ossuary)
  5 gnolls
  7 adders
  5 white imps
  2 ufetubi (D:6)
  2 adder zombies (Ossuary)
  A worm (D:3)
  2 dart slugs
  93 orcs
  9 endoplasms
  3 giant cockroaches (D:2)
  13 goblins
  11 hobgoblins
  8 jackals
  5 quokkas
  8 ball pythons
  4 bats
  6 frilled lizards
  2 goblin zombies (Ossuary)
  7 hobgoblin zombies (Ossuary)
  3 jackal zombies (Ossuary)
  23 kobolds
  10 kobold zombies (Ossuary)
  8 orc zombies (Ossuary)
  9 rats
  A rat zombie (Ossuary)
  2 creeping infernos (Zot:3)
  A fire vortex (Zot:3)
1995 creatures vanquished.

Vanquished Creatures (collateral kills)
  2 ancient liches (Vaults:5)
  An orb of fire (Zot:2)
  Parghit (Depths:4)
  A Killer Klown (Zot:5)
  3 golden dragons
  An electric golem (Zot:5)
  2 tentacled monstrosities (Zot:2)
  An Orb Guardian (Zot:5)
  A quicksilver dragon (Zot:5)
  A titan (Vaults:4)
  A death cob (Zot:2)
  2 acid blobs (Zot:2)
  A tengu reaver (Vaults:5)
  Donald (Vaults:4)
  A storm dragon (Zot:2)
  A draconian monk (Zot:2)
  An azure jelly (Zot:2)
  2 draconian knights (Zot:5)
  A vault warden (Vaults:2)
  A deep elf sorcerer (Vaults:5)
  A draconian scorcher (Zot:1)
  4 orc warlords
  A draconian shifter (Zot:1)
  An ironbound thunderhulk (Vaults:3)
  A reaper (IceCv)
  A very ugly thing (Depths:4)
  An eleionoma (Swamp:3)
  A war gargoyle (Vaults:3)
  A dire elephant (Vaults:4)
  A vampire knight (Depths:2)
  A white draconian (Zot:5)
  A red draconian (Zot:1)
  A fire dragon (Depths:2)
  A shambling mangrove (Swamp:3)
  2 ice dragons
  A yaktaur captain (Vaults:4)
  5 vault guards
  3 centaur warriors
  2 dancing weapons (Elf:2)
  An orc high priest (Orc:2)
  A hell knight (Depths:1)
  A deep elf knight (Elf:1)
  3 skeletal warriors
  2 deep trolls (Vaults:1)
  A bog body (Swamp:2)
  A wizard (Vaults:2)
  A glowing orange brain (Vaults:4)
  2 ironbound convokers (Vaults:2)
  2 steelbarb worms
  2 deep elf pyromancers
  3 ugly things (Vaults:2)
  2 orc sorcerers (Orc:2)
  Pikel (D:6)
  2 deep elf zephyrmancers (Elf:1)
  2 wolf spiders (Lair:5)
  2 orc knights
  2 ice statues (D:14)
  A moth of wrath (Zot:2)
  A black mamba (Lair:5)
  An eye of devastation (Zot:2)
  A naga mage (D:15)
  A cane toad (Lair:5)
  A rime drake (Lair:3)
  A demonic crawler (Spider:4)
  A swamp worm zombie (Swamp:4)
  An efreet (D:15)
  A yaktaur (Vaults:4)
  4 hornets (Lair:5)
  A tyrant leech (Swamp:2)
  3 blink frogs (Lair:1)
  A culicivora (Spider:3)
  4 slime creatures
  5 yaks
  A wyvern (Lair:5)
  2 water moccasins (Lair:5)
  5 orc warriors
  5 wolves (Lair:5)
  A lemure (D:5)
  4 orc priests
  2 orc wizards
  A gnoll (Bailey)
  8 orcs
  A quokka (D:3)
145 creatures vanquished.

Vanquished Creatures (others)
  A shadow dragon (Vaults:5)
  A draconian knight (Zot:5)
  An ironbound preserver (Vaults:5)
  A yellow draconian (Zot:4)
  2 alligators (Swamp:2)
  A spriggan (Swamp:2)
  A goliath frog (Swamp:2)
  A deep elf zephyrmancer (Elf:3)
  2 deep elf pyromancers
  7 bloated husks
  A tarantella (Spider:3)
  A hornet (Swamp:2)
  A yak (D:15)
  3 humans
  2 jellies (Zot:4)
  An orc priest (Vaults:5)
  2 white imps (D:15)
  14 foxfires
  43 spectral weapons
86 creatures vanquished.

Grand Total: 2226 creatures vanquished

Notes
Turn   | Place    | Note
-------+----------+-------------------------------------------
     0 | D:1      | LordWeiramon the Demonspawn Berserker began the quest for
                  | the Orb.
     0 | D:1      | Reached XP level 1. HP: 18/18 MP: 1/1
   148 | D:1      | Gained mutation: You are partially covered in large bone
                  | plates. (SH +4) [demonic ancestry]
   148 | D:1      | Reached XP level 2. HP: 24/24 MP: 2/2
   371 | D:1      | Reached ** piety under Trog
   468 | D:1      | Reached XP level 3. HP: 29/29 MP: 3/3
   869 | D:2      | Found a faded altar of an unknown god.
   958 | D:2      | Identified the +5 quarterstaff of the Valley of Death
                  | {spect, Fly Dex+2}
  1049 | D:2      | Found Koclirr's Antique Weapon Shoppe.
  1095 | D:2      | Found a basalt altar of Yredelemnul.
  1315 | D:3      | Gained mutation: A weak demonic guardian rushes to your
                  | aid. [demonic ancestry]
  1315 | D:3      | Reached XP level 4. HP: 34/35 MP: 4/4
  1382 | D:3      | Reached skill level 5 in Maces & Flails
  1604 | D:3      | Noticed Sigmund
  1622 | D:3      | Killed Sigmund
  1623 | D:3      | Gained mutation: A demonic guardian rushes to your aid.
                  | [demonic ancestry]
  1623 | D:3      | Reached XP level 5. HP: 41/41 MP: 5/5
  1623 | D:3      | Reached XP level 6. HP: 47/47 MP: 6/6
  2076 | D:4      | Reached *** piety under Trog
  2398 | D:4      | Found a sand-covered staircase.
  2413 | Ossuary  | Entered an ossuary
  2481 | Ossuary  | Reached XP level 7. HP: 52/52 MP: 7/7
  2680 | Ossuary  | Reached **** piety under Trog
  3655 | D:5      | Entered Level 5 of the Dungeon
  3677 | D:5      | Noticed a wyvern
  3735 | D:5      | Killed a wyvern
  3736 | D:5      | Reached skill level 4 in Fighting
  3844 | D:5      | Gained mutation: You are mostly covered in large bone
                  | plates. (SH +6) [demonic ancestry]
  3844 | D:5      | Reached XP level 8. HP: 52/61 MP: 8/8
  3989 | D:5      | Reached skill level 5 in Fighting
  4002 | D:5      | Found a blossoming altar of Fedhas.
  4228 | D:5      | Found a hazy altar of Hepliaklqana.
  4242 | D:5      | Found a hide-covered altar of Uskayaw.
  4508 | D:6      | Noticed Pikel
  4782 | D:6      | Killed Pikel
  4783 | D:6      | Reached skill level 5 in Armour
  4921 | D:6      | Noticed Edmund
  4932 | D:6      | Killed Edmund
  5072 | D:6      | Found an ornate altar of the Wu Jian Council.
  5093 | D:6      | Noticed Prince Ribbit
  5108 | D:6      | Killed Prince Ribbit
  5345 | D:6      | Gained mutation: You may rarely emit foul miasma when
                  | damaged in melee. [demonic ancestry]
  5345 | D:6      | Reached XP level 9. HP: 68/68 MP: 9/9
  5391 | D:6      | Found Ysedd's Book Shop.
  5634 | D:7      | Reached skill level 5 in Dodging
  5645 | D:7      | Found a staircase to the Ecumenical Temple.
  5661 | D:7      | Reached skill level 1 in Evocations
  6634 | D:8      | Reached skill level 5 in Evocations
  6796 | D:8      | Found a staircase to the Lair.
  6933 | D:8      | Reached ***** piety under Trog
  7007 | D:8      | Reached skill level 10 in Maces & Flails
  7054 | D:8      | Reached skill level 1 in Shields
  7054 | D:8      | Gained mutation: You have a small tail. [demonic ancestry]
  7054 | D:8      | Reached XP level 10. HP: 67/74 MP: 10/10
  7444 | D:8      | Found a broken altar of Ashenzari.
  7453 | D:8      | Found a burning altar of Makhleb.
  7804 | D:9      | Noticed a manticore
  7820 | D:9      | Killed a manticore
  7903 | D:9      | Reached skill level 5 in Shields
  7909 | D:9      | Found a stormy altar of Qazlal.
  7958 | D:9      | Found a flagged portal.
  7985 | D:9      | Found an iron altar of Okawaru.
  7987 | Bailey   | Entered a bailey
  8014 | Bailey   | Noticed an orc warlord
  8077 | Bailey   | Noticed an orc knight
  8112 | Bailey   | Killed an orc knight
  8151 | Bailey   | Found a runed translucent gate.
  8153 | Bailey   | Found a runed translucent gate.
  8157 | Bailey   | Found a runed translucent gate.
  8209 | Bailey   | Killed an orc warlord
  8227 | Bailey   | Gained mutation: You sometimes emit foul miasma when
                  | damaged in melee. [demonic ancestry]
  8227 | Bailey   | Reached XP level 11. HP: 79/79 MP: 11/11
  8228 | Bailey   | Reached skill level 9 in Fighting
  8228 | Bailey   | Gained mutation: Your hexes are more powerful. [demonic
                  | ancestry]
  8228 | Bailey   | Reached XP level 12. HP: 97/97 MP: 12/12
  8229 | Bailey   | Reached XP level 13. HP: 102/102 MP: 13/13
  8511 | D:9      | Reached skill level 10 in Fighting
  9361 | D:10     | Entered Level 10 of the Dungeon
  9430 | D:10     | Found a portal to a secret trove of treasure.
  9819 | D:10     | Identified the +0 leather armour of Love and Death {rPois
                  | rF- rCorr Stlth+}
 10082 | D:10     | Reached skill level 10 in Shields
 10408 | D:11     | Gained mutation: A powerful demonic guardian rushes to your
                  | aid. [demonic ancestry]
 10408 | D:11     | Reached XP level 14. HP: 110/110 MP: 14/14
 10862 | D:11     | Found a staircase to the Orcish Mines.
 11936 | Lair:1   | Entered Level 1 of the Lair of Beasts
 12871 | Lair:1   | You fall into a shaft and drop 1 floor!
 13052 | Lair:2   | Found a hole to the Spider Nest.
 13328 | Lair:2   | Reached skill level 10 in Dodging
 13700 | Lair:2   | Found a staircase to the Swamp.
 14422 | Lair:3   | Noticed Snorg
 14442 | Lair:3   | Killed Snorg
 14578 | Lair:3   | Received a gift from Trog
 15040 | Lair:4   | Found a runed translucent door.
 15040 | Lair:4   | Found a viscous altar of Jiyva.
 15041 | Lair:4   | Found a staircase to the Slime Pits.
 16088 | Lair:5   | Entered Level 5 of the Lair of Beasts
 17062 | Lair:5   | Gained mutation: You have a tail ending in a sharp stinger.
                  | [demonic ancestry]
 17062 | Lair:5   | Reached XP level 15. HP: 95/115 MP: 15/15
 17132 | Lair:5   | Reached skill level 10 in Armour
 17424 | Lair:5   | Found a runed translucent door.
 18306 | Lair:5   | Received a gift from Trog
 18402 | Lair:5   | Reached skill level 15 in Maces & Flails
 19093 | D:12     | Found a gate leading to a gauntlet.
 19120 | Gauntlet | Entered a Gauntlet
 19120 | Gauntlet | Found a transporter.
 19120 | Gauntlet | Found a transporter.
 19122 | Gauntlet | Found a transporter.
 19126 | Gauntlet | Found a transporter.
 19126 | Gauntlet | Found a transporter.
 19126 | Gauntlet | Found a transporter.
 19162 | Gauntlet | Found a transporter.
 19163 | Gauntlet | Found a transporter.
 19174 | Gauntlet | Found a transporter.
 19190 | Gauntlet | Found a transporter.
 19204 | Gauntlet | Found a transporter.
 19208 | Gauntlet | Found a transporter.
 19226 | Gauntlet | Found a runed translucent door.
 19416 | Gauntlet | Identified the staff of fire "Futesavu" {Drain rF+ rC++
                  | Str+3 Int+3}
 19542 | Gauntlet | Identified the staff of air "Gyiphu" {rElec Dex+2}
 19542 | Gauntlet | Identified the +3 dagger of Paug {freeze, Int+5 Dex-5 SInv}
 20962 | D:13     | Identified the +8 short sword "Miteox" {venom, rPois rF+}
 21913 | D:14     | Found a frozen archway.
 21952 | IceCv    | Entered an ice cave
 23477 | D:14     | Noticed Frances
 23491 | D:14     | Killed Frances
 23589 | D:14     | Noticed Agnes
 23602 | D:14     | Killed Agnes
 23753 | D:14     | Reached XP level 16. HP: 122/122 MP: 16/16
 23849 | D:14     | Found Catzof's Magic Scroll Boutique.
 23958 | D:14     | Bought a scroll of blinking for 105 gold pieces
 23958 | D:14     | Bought a scroll of blinking for 105 gold pieces
 23958 | D:14     | Bought a scroll of enchant weapon for 105 gold pieces
 23958 | D:14     | Bought a scroll of teleportation for 42 gold pieces
 23958 | D:14     | Bought a scroll of identify for 28 gold pieces
 23958 | D:14     | Bought a scroll of identify for 28 gold pieces
 23958 | D:14     | Bought a scroll of identify for 28 gold pieces
 24043 | D:14     | Identified a scroll of acquirement
 24044 | D:14     | Acquired the ring "Zushoaj" {Drain rElec rPois rC+ MP+9}
 24439 | D:14     | Found a gate to the Vaults.
 24598 | D:15     | Entered Level 15 of the Dungeon
 24600 | D:15     | Noticed Nessos
 24601 | D:15     | Noticed Louise
 24899 | D:15     | Killed Louise
 25022 | D:15     | Received a gift from Trog
 25074 | D:15     | Killed Nessos
 25194 | D:15     | Noticed Jorgrun
 25212 | D:15     | Killed Jorgrun
 25777 | D:15     | Noticed Kirke
 25793 | D:15     | Killed Kirke
 25858 | D:15     | Found a staircase to the Depths.
 26093 | Orc:1    | Entered Level 1 of the Orcish Mines
 26450 | Orc:1    | Found Zoppist's Assorted Antiques.
 26743 | Orc:1    | Reached skill level 15 in Armour
 27341 | Orc:2    | Entered Level 2 of the Orcish Mines
 27684 | Orc:2    | Reached ****** piety under Trog
 27797 | Orc:2    | Found Feock's Magic Scroll Boutique.
 27891 | Orc:2    | Found Ithayll's Magic Scroll Shop.
 27898 | Orc:2    | Identified the +1 flail of Welfare {flame, rPois rC+ Str+3}
                  | (Trog gifted it to you on level 2 of the Orcish Mines)
 27898 | Orc:2    | Received a gift from Trog
 27967 | Orc:2    | Bought a scroll of fear for 60 gold pieces
 27967 | Orc:2    | Bought a scroll of silence for 142 gold pieces
 27967 | Orc:2    | Bought a scroll of poison for 60 gold pieces
 27967 | Orc:2    | Bought a scroll of teleportation for 45 gold pieces
 27967 | Orc:2    | Bought a scroll of teleportation for 45 gold pieces
 27967 | Orc:2    | Bought a scroll of fog for 60 gold pieces
 27969 | Orc:2    | Bought a scroll of identify for 20 gold pieces
 27969 | Orc:2    | Bought a scroll of identify for 20 gold pieces
 27971 | Orc:2    | Bought a scroll of summoning for 95 gold pieces
 27971 | Orc:2    | Bought 3 scrolls of fog for 120 gold pieces
 27971 | Orc:2    | Bought a scroll of blinking for 75 gold pieces
 27971 | Orc:2    | Bought a scroll of silence for 95 gold pieces
 27971 | Orc:2    | Bought a scroll of fear for 40 gold pieces
 27971 | Orc:2    | Bought a scroll of teleportation for 30 gold pieces
 27973 | Orc:2    | Bought a scroll of enchant armour for 112 gold pieces
 27973 | Orc:2    | Bought a scroll of magic mapping for 112 gold pieces
 27984 | Orc:2    | Gained mutation: You are frail. (-10% HP) [a neqoxec]
 27988 | Orc:2    | Gained mutation: You occasionally lose the ability to drink
                  | potions when taking damage. [a neqoxec]
 27995 | Orc:2    | Reached skill level 11 in Fighting
 27995 | Orc:2    | Lost mutation: You are frail. (-10% HP) [potion of
                  | mutation]
 27995 | Orc:2    | Lost mutation: You occasionally lose the ability to drink
                  | potions when taking damage. [potion of mutation]
 27995 | Orc:2    | Gained mutation: You occasionally shout uncontrollably at
                  | your foes. [potion of mutation]
 27995 | Orc:2    | Gained mutation: Your body sometimes deteriorates upon
                  | taking damage. [potion of mutation]
 27995 | Orc:2    | Gained mutation: Your natural rate of healing is unusually
                  | fast. [potion of mutation]
 28055 | Orc:2    | Paralysed by an orc sorcerer for 4 turns
 28201 | Orc:2    | Found a staircase to the Elven Halls.
 28606 | Orc:2    | Reached skill level 12 in Fighting
 28724 | Orc:2    | Found Soymp's Antique Armour Shoppe.
 28724 | Orc:2    | Found a one-way gate leading to the halls of Pandemonium.
 28724 | Orc:2    | Found Wiug's Book Emporium.
 28737 | Orc:2    | Bought a pair of glowing gloves for 210 gold pieces
 28962 | Swamp:1  | Entered Level 1 of the Swamp
 29039 | Swamp:1  | Found the sphere of Battle
 29394 | Swamp:1  | Reached XP level 17. HP: 117/135 MP: 17/17
 29435 | Swamp:1  | You fall into a shaft and drop 1 floor!
 29448 | Swamp:2  | Reached skill level 13 in Fighting
 29518 | Swamp:2  | Received a gift from Trog
 30285 | Swamp:2  | Noticed a tentacled monstrosity
 30318 | Swamp:2  | Reached skill level 14 in Fighting
 30325 | Swamp:2  | Killed a tentacled monstrosity
 30877 | Swamp:3  | Identified the amulet of the Fool {+Blink rElec Regen+
                  | Stlth+}
 30948 | Swamp:3  | Identified the +6 mace of Hul Apask {flame, rElec}
 31123 | Swamp:3  | Reached skill level 15 in Fighting
 31209 | Swamp:4  | Entered Level 4 of the Swamp
 31212 | Swamp:4  | Identified the +9 long sword "Onora" {freeze, rF+}
 32040 | Swamp:4  | Noticed a bone dragon
 32080 | Swamp:4  | Killed a bone dragon
 32080 | Swamp:4  | Received a gift from Trog
 32116 | Swamp:4  | Got a decaying rune of Zot
 32263 | Spider:1 | Entered Level 1 of the Spider Nest
 33683 | Spider:2 | Gained mutation: You have a sharp stinger which inflicts
                  | weakening toxins. [demonic ancestry]
 33683 | Spider:2 | Reached XP level 18. HP: 149/149 MP: 18/18
 33773 | Spider:2 | Reached skill level 10 in Evocations
 34512 | Spider:3 | Noticed Asterion
 34524 | Spider:3 | Killed Asterion
 34677 | Spider:3 | Identified the +6 morningstar of Fimbulwinter {flame, Fly}
                  | (Trog gifted it to you on level 3 of the Spider Nest)
 34677 | Spider:3 | Received a gift from Trog
 34908 | Spider:3 | Noticed Azrael
 34960 | Spider:3 | Killed Azrael
 35525 | Spider:4 | Entered Level 4 of the Spider Nest
 35671 | Spider:4 | Identified the +2 ring mail of Avilebbi {-Cast rElec Str+2}
 35739 | Spider:4 | Received a gift from Trog
 35797 | Spider:4 | Identified the +5 lajatang of Income {heavy, rC+ Will+}
 36661 | Spider:4 | Noticed Arachne
 36681 | Spider:4 | Killed Arachne
 36888 | Spider:4 | Identified the +0 pair of gloves of the Eternal Void {rPois
                  | rC+ Int-4 Dex+4}
 36903 | Spider:4 | Got a gossamer rune of Zot
 37243 | Vaults:1 | Entered Level 1 of the Vaults
 37394 | Vaults:1 | Reached skill level 15 in Shields
 37413 | Vaults:1 | Received a gift from Trog
 37511 | Vaults:1 | Reached XP level 19. HP: 78/155 MP: 19/19
 37939 | Vaults:1 | Found Doliojus's Armour Shop.
 38781 | Vaults:2 | Identified the +7 hand axe of Deformation {flame, rN+
                  | Str+4} (Trog gifted it to you on level 2 of the Vaults)
 38781 | Vaults:2 | Received a gift from Trog
 38796 | Vaults:2 | Noticed Bai Suzhen
 38842 | Vaults:2 | Killed Bai Suzhen
 38926 | Vaults:2 | You fall into a shaft and drop 2 floors!
 39305 | Vaults:4 | Noticed Donald
 39349 | Vaults:4 | Killed Donald
 39689 | Vaults:4 | Identified the +2 morningstar of Mastery {heavy, rCorr
                  | Str+3 Dex-4} (Trog gifted it to you on level 4 of the
                  | Vaults)
 39689 | Vaults:4 | Received a gift from Trog
 39709 | Vaults:4 | Reached skill level 15 in Dodging
 40246 | Vaults:4 | Found a runed translucent door.
 40246 | Vaults:4 | Noticed Zonian's ghost (veteran DEIE)
 40298 | Vaults:4 | Killed Zonian's ghost
 40299 | Vaults:4 | Reached XP level 20. HP: 71/164 MP: 20/20
 40455 | Vaults:4 | Reached skill level 16 in Fighting
 40821 | Vaults:4 | Noticed a golden dragon
 40842 | Vaults:4 | Killed a golden dragon
 41069 | Vaults:4 | Reached skill level 17 in Fighting
 41255 | Vaults:4 | Received a gift from Trog
 41986 | Vaults:3 | Reached skill level 18 in Fighting
 42249 | Vaults:3 | Received a gift from Trog
 42370 | Vaults:3 | Found a staircase to the Crypt.
 42370 | Vaults:3 | Found a basalt altar of Yredelemnul.
 42371 | Vaults:3 | Found an ancient bone altar of Kikubaaqudgha.
 42965 | Vaults:3 | Found Udotunwy's Book Emporium.
 43349 | Vaults:2 | Found Xenwado's Book Boutique.
 43493 | Vaults:2 | Noticed Nikola
 43516 | Vaults:2 | Killed Nikola
 43997 | Vaults:2 | Noticed Xtahua
 44027 | Vaults:2 | Killed Xtahua
 44028 | Vaults:2 | Gained mutation: Your melee attacks may debilitate your
                  | foes. [demonic ancestry]
 44028 | Vaults:2 | Reached XP level 21. HP: 82/179 MP: 21/21
 44033 | Vaults:2 | Received a gift from Trog
 44269 | Vaults:2 | Found Dackehes's Assorted Antiques.
 44274 | Vaults:2 | Bought a scroll of silence for 380 gold pieces
 44291 | Vaults:2 | Found Feuxoic's Distillery.
 44300 | Vaults:2 | Bought a potion of curing for 42 gold pieces
 44300 | Vaults:2 | Bought a potion of curing for 42 gold pieces
 44300 | Vaults:2 | Bought a potion of might for 56 gold pieces
 44300 | Vaults:2 | Bought 2 potions of berserk rage for 140 gold pieces
 44300 | Vaults:2 | Bought 2 potions of berserk rage for 140 gold pieces
 44307 | Vaults:2 | Found Ilompoal's Armour Emporium.
 44309 | Vaults:2 | Found Kihap's Book Emporium.
 44314 | Vaults:2 | Bought the +10 chain mail of Sif Muna {rElec rN+} for 799
                  | gold pieces
 44330 | Vaults:2 | Identified the +0 ring mail "Niceon" {Str+4}
 44589 | Vaults:2 | Identified the +7 falchion "Kuriolit" {holy, Drain rPois
                  | rN+++ Stlth-}
 44915 | Elf:1    | Entered Level 1 of the Elven Halls
 45629 | Elf:2    | Noticed Roxanne
 45685 | Elf:2    | Received a gift from Trog
 45974 | Elf:2    | Found a runed translucent gate.
 45974 | Elf:2    | Found a runed translucent gate.
 45974 | Elf:2    | Found a runed translucent gate.
 46473 | Elf:2    | Killed Roxanne
 47123 | Elf:3    | Entered Level 3 of the Elven Halls
 47229 | Elf:3    | Received a gift from Trog
 47231 | Elf:3    | Identified the +4 hand axe of Slow Death {heavy, Dex+2}
 47789 | Elf:3    | Identified the +7 broad axe of Karaddou {heavy, *Noise
                  | Int+4}
 47837 | Elf:3    | Identified the +7 dagger of Nienont {antimagic, rPois rF+}
 47937 | Elf:3    | Identified the ring of the Gnashing Ancients {Fly rElec
                  | rPois}
 48063 | Elf:3    | Paralysed by an air elemental for 1 turns
 48072 | Elf:3    | Received a gift from Trog
 48075 | Elf:3    | Identified the +11 whip "Betza" {elec, rCorr Dex+4}
 48154 | Elf:3    | Identified the +6 morningstar "Lihoin" {speed, Fragile
                  | Dex+3}
 48199 | Elf:3    | Found the amulet of Vitality {RegenMP++ Regen++}
 48213 | Elf:3    | Identified the +11 dagger "Voammuj" {venom, rPois Str+3}
 48255 | Elf:3    | Identified the staff of air "Jiojutil" {Fragile rElec
                  | Will++}
 48257 | Elf:3    | Found the +8 whip "Snakebite" {venom, curare, rPois}
 48269 | Elf:3    | Identified the +8 sling of Gallantry {heavy, Fragile Str+5
                  | Dex+5}
 48273 | Elf:3    | Identified the +1 pair of boots "Gamos" {Str+3}
 48295 | Elf:3    | Identified the staff of conjuration "Faarr" {rElec Str+3
                  | Int+2}
 48297 | Elf:3    | Identified the +8 long sword of the Crafting Gods {drain,
                  | Str-2 Int-3 SInv Stlth+}
 48614 | Depths:1 | Entered Level 1 of the Depths
 48759 | Depths:1 | Reached XP level 22. HP: 182/185 MP: 22/22
 48943 | Depths:1 | Reached skill level 19 in Fighting
 49065 | Depths:1 | Found a gateway to Hell.
 49092 | Depths:1 | Found a basalt altar of Yredelemnul.
 49167 | Depths:1 | Found a corrupted altar of Lugonu.
 49167 | Depths:1 | Found a one-way gate to the infinite horrors of the Abyss.
 49186 | Depths:1 | Found a shimmering blue altar of Sif Muna.
 49376 | Depths:1 | Received a gift from Trog
 49525 | Depths:2 | Found a one-way gateway to a ziggurat.
 49721 | Depths:2 | Reached skill level 20 in Fighting
 49780 | Depths:2 | Found Elarho's Jewellery Emporium.
 49782 | Depths:2 | Found Heuw Juihu's Armour Emporium.
 49782 | Depths:2 | Found Miorid's Distillery.
 49796 | Depths:2 | Found Virchiolimn's Magic Scroll Shoppe.
 50097 | Depths:2 | Found Vykeaxuj's Distillery.
 50364 | Depths:2 | Received a gift from Trog
 50687 | Depths:2 | Found a shadowy altar of Dithmenos.
 50723 | Depths:2 | Found the ring of Shadows {Umbra +Inv Stlth+}
 50730 | Depths:2 | Identified the +2 shadow dragon scales of the Sky {rF-
                  | Will+ Dex+4 Stlth++++}
 51220 | Depths:3 | Found a runed translucent gate.
 51220 | Depths:3 | Noticed a juggernaut
 51221 | Depths:3 | Found a runed translucent gate.
 51221 | Depths:3 | Found a runed translucent gate.
 51221 | Depths:3 | Noticed Zujy's ghost (adept DsFi)
 51221 | Depths:3 | Noticed a golden dragon
 51338 | Depths:3 | Found a sparkling altar of Nemelex Xobeh.
 51365 | Depths:3 | an iron giant changed into a caustic shrike
 51365 | Depths:3 | Noticed a caustic shrike (glowing shapeshifter)
 51366 | Depths:3 | a caustic shrike changed into an iron giant
 51552 | Depths:3 | Identified the +6 chain mail of Masochism {Will+}
 51977 | Depths:3 | Killed a juggernaut
 52002 | Depths:3 | Killed a golden dragon
 52014 | Depths:3 | Killed Zujy's ghost
 52146 | Depths:4 | Entered Level 4 of the Depths
 52192 | Depths:4 | Gained mutation: You frequently emit foul miasma when
                  | damaged in melee. [demonic ancestry]
 52192 | Depths:4 | Reached XP level 23. HP: 185/189 MP: 23/23
 52258 | Depths:4 | Received a gift from Trog
 52701 | Depths:4 | Found a gate to the Realm of Zot.
 53333 | Vaults:5 | Entered Level 5 of the Vaults
 53334 | Vaults:5 | Noticed an ancient lich
 53387 | Vaults:5 | Killed an ancient lich
 53470 | Vaults:5 | Noticed an ancient lich
 53494 | Vaults:5 | Killed an ancient lich
 53681 | Vaults:5 | Received a gift from Trog
 53867 | Vaults:5 | Gained mutation: You are completely covered in large bone
                  | plates. (SH +8) [demonic ancestry]
 53867 | Vaults:5 | Reached XP level 24. HP: 196/204 MP: 23/23
 53969 | Vaults:5 | Identified the +7 spear of Nightmares {pain, +Blink rElec
                  | rF+ Int-2}
 54281 | Vaults:5 | Got a silver rune of Zot
 54422 | Vaults:5 | Noticed an ancient lich
 54446 | Vaults:5 | Killed an ancient lich
 54463 | Vaults:5 | Received a gift from Trog
 54663 | Vaults:5 | Noticed an ancient lich
 54686 | Vaults:5 | Killed an ancient lich
 54808 | Vaults:5 | Found the +8 demon trident "Rift" {distort, reach+}
 54897 | Vaults:5 | Identified the +0 dagger of Regicide {vamp, rF+ Will+}
 55331 | Zot:1    | Entered Level 1 of the Realm of Zot
 55377 | Zot:1    | Noticed Parghit
 55391 | Depths:4 | Killed Parghit
 56508 | Zot:2    | Noticed an orb of fire
 56526 | Zot:2    | Killed an orb of fire
 56576 | Zot:2    | Found a runed translucent gate.
 56577 | Zot:2    | Found a runed translucent gate.
 56578 | Zot:2    | Found a runed translucent gate.
 56581 | Zot:2    | Found a viscous altar of Jiyva.
 56581 | Zot:2    | Noticed Tatuomawusk's ghost (master VSBe)
 56970 | Zot:2    | Received a gift from Trog
 57023 | Zot:2    | Killed Tatuomawusk's ghost
 57024 | Zot:2    | Reached XP level 25. HP: 209/210 MP: 23/23
 57031 | Zot:2    | Identified the ring "Totho" {rC+ Dex+6}
 57042 | Zot:2    | Identified the +0 robe "Jeco" {Stlth+}
 57492 | Zot:3    | Noticed Grunn
 57508 | Zot:3    | Killed Grunn
 57711 | Depths:2 | Bought 2 potions of curing for 96 gold pieces
 57711 | Depths:2 | Bought 2 potions of berserk rage for 160 gold pieces
 57711 | Depths:2 | Bought a potion of curing for 48 gold pieces
 57711 | Depths:2 | Bought a potion of heal wounds for 80 gold pieces
 57728 | Depths:2 | Bought 2 potions of curing for 132 gold pieces
 57728 | Depths:2 | Bought a potion of mutation for 176 gold pieces
 57728 | Depths:2 | Bought a potion of heal wounds for 110 gold pieces
 57728 | Depths:2 | Bought 2 potions of might for 176 gold pieces
 57728 | Depths:2 | Bought a potion of invisibility for 176 gold pieces
 57728 | Depths:2 | Bought a potion of curing for 66 gold pieces
 57731 | Depths:2 | Bought a scroll of fear for 76 gold pieces
 57731 | Depths:2 | Bought a scroll of fog for 76 gold pieces
 57731 | Depths:2 | Bought a scroll of fear for 76 gold pieces
 57881 | Orc:1    | Bought a wand of roots (4) for 192 gold pieces
 57881 | Orc:1    | Bought a scroll of magic mapping for 150 gold pieces
 58562 | Zot:3    | You fall into a shaft and drop 1 floor!
 59869 | Zot:4    | Received a gift from Trog
 60487 | Zot:5    | Entered Level 5 of the Realm of Zot
 61211 | Zot:5    | Noticed an ancient lich
 61232 | Zot:5    | Killed an ancient lich
 61247 | Zot:5    | Reached skill level 21 in Fighting
 61393 | Zot:5    | Noticed an orb of fire
 61409 | Zot:5    | Gained mutation: Armour fits poorly on your strangely
                  | shaped body. [an orb of fire]
 61411 | Zot:5    | Killed an orb of fire
 61429 | Zot:5    | Noticed a Killer Klown
 61440 | Zot:5    | Killed a Killer Klown
 61452 | Zot:5    | Noticed a Killer Klown
 61452 | Zot:5    | Noticed a Killer Klown
 61458 | Zot:5    | Killed a Killer Klown
 61473 | Zot:5    | Killed a Killer Klown
 61473 | Zot:5    | Noticed a dread lich
 61474 | Zot:5    | Reached XP level 26. HP: 218/221 MP: 23/23
 61479 | Zot:5    | Killed a dread lich
 61482 | Zot:5    | Received a gift from Trog
 61674 | Zot:5    | Reached skill level 22 in Fighting
 61745 | Zot:5    | Lost mutation: Armour fits poorly on your strangely shaped
                  | body. [potion of mutation]
 61745 | Zot:5    | Lost mutation: You occasionally shout uncontrollably at
                  | your foes. [potion of mutation]
 61745 | Zot:5    | Lost mutation: Your natural rate of healing is unusually
                  | fast. [potion of mutation]
 61745 | Zot:5    | Gained mutation: You are agile. (Dex +4, Str/Int -1)
                  | [potion of mutation]
 61745 | Zot:5    | Gained mutation: You sometimes lose your temper in combat.
                  | [potion of mutation]
 61745 | Zot:5    | Gained mutation: Your flesh is heat resistant. (rF+)
                  | [potion of mutation]
 61746 | Zot:5    | Lost mutation: Your body sometimes deteriorates upon taking
                  | damage. [potion of mutation]
 61746 | Zot:5    | Lost mutation: Your flesh is heat resistant. (rF+) [potion
                  | of mutation]
 61746 | Zot:5    | Lost mutation: You are agile. (Dex +4, Str/Int -1) [potion
                  | of mutation]
 61746 | Zot:5    | Gained mutation: You have a pair of small horns on your
                  | head. [potion of mutation]
 61746 | Zot:5    | Gained mutation: You passively dampen the noise of your
                  | surroundings. [potion of mutation]
 61746 | Zot:5    | Gained mutation: Your muscles are strong. (Str +4, Int/Dex
                  | -1) [potion of mutation]
 61747 | Zot:5    | Lost mutation: Your muscles are strong. (Str +4, Int/Dex
                  | -1) [potion of mutation]
 61747 | Zot:5    | Lost mutation: You sometimes lose your temper in combat.
                  | [potion of mutation]
 61747 | Zot:5    | Gained mutation: You are clumsy. (Dex -2) [potion of
                  | mutation]
 61747 | Zot:5    | Gained mutation: Your body sometimes deteriorates upon
                  | taking damage. [potion of mutation]
 61836 | Zot:5    | Noticed an orb of fire
 61850 | Zot:5    | Killed an orb of fire
 61916 | Zot:5    | Reached skill level 23 in Fighting
 62109 | Zot:5    | Lost mutation: You are clumsy. (Dex -2) [potion of
                  | mutation]
 62109 | Zot:5    | Lost mutation: You passively dampen the noise of your
                  | surroundings. [potion of mutation]
 62109 | Zot:5    | Lost mutation: Your body sometimes deteriorates upon taking
                  | damage. [potion of mutation]
 62109 | Zot:5    | Gained mutation: You are vulnerable to heat. (rF-) [potion
                  | of mutation]
 62109 | Zot:5    | Gained mutation: You are agile. (Dex +4, Str/Int -1)
                  | [potion of mutation]
 62110 | Zot:5    | Lost mutation: You are agile. (Dex +4, Str/Int -1) [potion
                  | of mutation]
 62110 | Zot:5    | Lost mutation: You are vulnerable to heat. (rF-) [potion of
                  | mutation]
 62110 | Zot:5    | Lost mutation: You have a pair of small horns on your head.
                  | [potion of mutation]
 62110 | Zot:5    | Gained mutation: Your spells are a little harder to cast,
                  | but a little more powerful. [potion of mutation]
 62110 | Zot:5    | Gained mutation: Your system is resistant to poisons.
                  | (rPois) [potion of mutation]
 62308 | Zot:5    | Got the Orb of Zot
 62439 | Depths:3 | Noticed Gidgho the pandemonium lord
 62733 | D:$      | Escaped with the Orb!

Illustrated notes

Levels and vault maps discovered:
D:1:      dpeg_arrival_windows_large_door, layout_rooms,
          minmay_misc_feat_more_columns, minmay_shallow_snake_nest
D:2:      layout_basic, basic_altar, shapermc_ecumenical_altar_mp_urbaneastern,
          serial_shops, shop, grunt_ministairs_7, minmay_bisected
D:3:      layout_basic, mainiacjoe_overflow_catwalk, hangedman_decor_points,
          minmay_misc_feat_pillars, nicolae_concentric_dashed_squares_wild,
          uniq_sigmund
D:4:      layout_loops_corners, enter_ossuary_1
D:5:      layout_basic, mainiacjoe_overflow_big_doors, overflow_temple_1_default
D:6:      layout_cave_pools, mainiacjoe_overflow_paths, serial_shops, shop,
          serial_bayou_pond_c, uniq_edmund, uniq_pikel, uniq_prince_ribbit1
D:7:      layout_loops_corners, minmay_temple_entry_junction,
          minmay_splitting_lines
D:8:      layout_loops_cross, mainiacjoe_overflow_swirl,
          due_lair_maze_entry_diamond
D:9:      minmay_the_grid_square_5x5_3x3
          [minmay_the_grid_square_5x5_beaten_path,
          minmay_the_grid_square_5x5_pentomino_r,
          minmay_the_grid_square_5x5_two_walls_b,
          minmay_the_grid_square_5x5_tie,
          minmay_the_grid_square_5x5_megaprize_hollow,
          minmay_the_grid_square_5x5_two_walls_a,
          minmay_the_grid_square_5x5_longway,
          minmay_the_grid_square_5x5_checkered_sparse,
          minmay_the_grid_square_5x5_shrine2], layout_stronghold,
          mainiacjoe_overflow_concentric_impassable,
          mainiacjoe_overflow_tiny_flanked, enter_bailey_5, nrook_pool_corridor
D:10:     layout_roguey, enter_trove_0, minmay_variable_closet,
          grunt_ministairs_15
D:11:     layout_rooms, erik_orc_4
D:12:     layout_layer_cave, gauntlet_entry_generic
D:13:     layout_basic
D:14:     layout_stronghold, ximxim_vaults_locker_room, serial_shops,
          nicolae_shop_tiny_glass, portal_ice_cave_entry_ice_statue_two,
          uniq_agnes, uniq_frances
D:15:     grunt_enter_depths_magical_seal, layout_loops_ring, serial_ice,
          serial_ice_f, serial_ice_c, serial_ice_a, serial_ice_k, serial_ice_n,
          serial_ice_e, serial_ice_m, serial_ice_h, uniq_louise, uniq_kirke,
          uniq_jorgrun, uniq_nessos
Lair:1:   layout_loops_ring
Lair:2:   layout_gridlike, minmay_swamp_entry_worms,
          spider_nest_entry_funnel_web, lemuel_fruit_fields
Lair:3:   layout_gridlike, uniq_snorg
Lair:4:   layout_small_grid, slime_entry_2, serial_bayou_shore_a,
          serial_bayou_shore_b
Lair:5:   wormcave, layout_gridlike, hangedman_lair_tendril_chambers
Swamp:1:  layout_basic_swamp, evilmike_swamp_ruin_rubble_1, swamp_pool1,
          st_swamp_ruins_1, infiniplex_staircase_pool_2
Swamp:2:  nzn_winding_woodlands_small [nzn_winding_woodlands_5x15_jagged,
          nzn_winding_woodlands_center_triple_pond,
          nzn_winding_woodlands_5x15_sawtooth], layout_falls_marsh,
          nicolae_swamp_stair_fork
Swamp:3:  layout_basic_swamp, evilmike_swamp_ruin_rubble_2, lightli_tree_ring
Swamp:4:  swamp_pestilence, layout_basic_swamp
Spider:1: layout_spider_delve, hellmonk_test_site
Spider:2: layout_spider_delve, nicolae_spider_wall_of_niches,
          hangedman_spider_tarantella_strand, nicolae_spider_cling_halls
Spider:3: layout_spider_delve, drop_trap, nicolae_spider_webbed_stairs,
          uniq_asterion, uniq_azrael
Spider:4: hellmonk_spider_rune_bug_friends, uniq_arachne
Orc:1:    cheibrodos_orc_arena, layout_caves, serial_shops,
          nicolae_shop_hallway_stairs
Orc:2:    pf_orc_diabolical, layout_diamond_mine
Elf:1:    layout_gridlike, hangedman_elf_represent
Elf:2:    nicolae_elf_blades_splatter_lattice [mumra_blade_entry_dagger],
          layout_onion_city, einodemon_armed_red_devil_minivault, uniq_roxanne
Elf:3:    elf_hall, layout_gridlike, hex_medium, drop_trap,
          nicolae_elf_big_sculpture_3, amethyst_killhole
Vaults:1: nicolae_vaults_trapezoid_4, v_misc_27, hangedman_vaults_stagger,
          nicolae_vaults_taking_the_gang_shopping, nicolae_vaults_tetromino_L_2,
          nicolae_vaults_stepped_doors, vaults_room_grid, vaults_dpeg_ring,
          layout_vaults_omnigrid
Vaults:2: v_misc_8, ontoclasm_vaults_ligature, nicolae_vaults_storage_closets_1,
          nicolae_vaults_shelves_hall, vaults_dpeg_encased_lava,
          ontoclasm_vaults_hangar, nicolae_vaults_storage_closets_2,
          nicolae_vaults_apartment_1, nicolae_vaults_closet_pinwheel_3,
          vaults_room_boxed, nicolae_vaults_more_shelving_2,
          nicolae_vaults_little_squares_4, layout_vaults_omnibox, serial_shops,
          shop, shop, nicolae_shop_pleasant_corner_grove,
          nicolae_lakefront_shop, nicolae_shop_just_a_little_nook,
          uniq_bai_suzhen, uniq_nikola, uniq_xtahua
Vaults:3: ontoclasm_vaults_ring_large, minmay_crypt_entry_necro_gods,
          st_spiral_rooms, ontoclasm_vaults_ring_small, v_rooms_5,
          nicolae_vaults_specimen_jars, v_misc_29,
          nicolae_vaults_network_periphery, nicolae_vaults_trapezoid_layered,
          v_misc_11, nicolae_vaults_alarming, nicolae_vaults_surprise_closet,
          layout_vaults_maze_snakey, serial_shops, nicolae_shop_statue_plus
Vaults:4: gammafunk_ghost_grave, st_greater_box_2, v_misc_26,
          hangedman_vaults_hat, nicolae_vaults_trapezoid_lopsided_1,
          grunt_vaults_focal, nicolae_vaults_triangles,
          nicolae_vaults_puzzle_piece, vaults_room_pools,
          ontoclasm_vaults_pinch, nicolae_vaults_tetromino_T_2,
          grunt_vaults_hallway_short, nicolae_vaults_tetromino_T_2,
          layout_vaults_big_cross, uniq_donald
Vaults:5: serial_shops
Depths:1: layout_roguey, abyss_entry_flame_altar, nicolae_sif_muna_condensation,
          hell_entry, yredelemnul_forgotten_temple_becter, grunt_megastairs_4
Depths:2: regret_index_dithmenos_brocken_genspenst, layout_basic,
          enter_ziggurat_c, serial_shops, shop, chequers_serial_rivers_small_3,
          pan_entry, hangedman_coc_ice_floe, minmay_shoptagon,
          infiniplex_staircase_hallway_doors
Depths:3: nooodl_glass_maze, layout_long_grid, abyss_entry,
          gammafunk_ghost_split, nemelex_diamond_rough_becter, hell_entry,
          dk_noncrumbling_2, eino_small_chamber_without_monster, hex_tiny
Depths:4: evilmike_zot_entry_diamond, layout_long_grid, grunt_mini_vestibule,
          nrook_campfire, minmay_stone_trees_medium,
          chequers_serial_rivers_small_a
Zot:1:    layout_gridlike, uniq_parghit
Zot:2:    layout_cathedral_of_symmetry, gammafunk_ghost_ooze, grunt_megastairs_5
Zot:3:    layout_gridville, hangedman_hellfire_club, grunt_megastairs_1,
          uniq_grunn
Zot:4:    lemuel_acid_trip, layout_cathedral_of_symmetry
Zot:5:    layout_basic, guppyfry_library_mini

Skill      XL: |  1  2  3  4  5  6  7  8  9 10 11 12 13 14 15 16 17 18 19 20 21 22 23 24 25 26 |
---------------+-------------------------------------------------------------------------------+-----
Maces & Flails | 3 4 6 7 8 10 13 14 16 17 20 | 20.0
Fighting       | 4 5 9 10 12 15 18 20 21 23 | 23.1
Armour         | 5 9 12 15 17 20 | 20.0
Dodging        | 4 5 10 15 16 20 | 20.0
Evocations     | 5 9 10 | 10.0
Shields        | 1 5 9 10 11 15 16 19 20 | 20.0

Action                     |  1- 3 |  4- 6 |  7- 9 | 10-12 | 13-15 | 16-18 | 19-21 | 22-24 | 25-27 || total
---------------------------+-------+-------+-------+-------+-------+-------+-------+-------+-------++-------
  Melee: Mace              |   116 |       |       |       |       |       |       |       |       ||   116
         Punch             |     2 |     1 |    11 |       |       |       |       |       |       ||    14
         Whip              |    19 |   175 |   545 |   109 |  2035 |   271 |       |       |       ||  3154
         Dire flail        |       |       |     7 |       |       |       |       |       |       ||     7
         Tailslap          |       |       |       |    16 |   450 |   645 |   453 |   512 |   210 ||  2286
         Morningstar       |       |       |       |       |       |  1803 |       |       |       ||  1803
         Demon whip        |       |       |       |       |       |   701 |  1925 |  1900 |   858 ||  5384
         Headbutt          |       |       |       |       |       |       |       |       |    19 ||    19
  Throw: Dart              |       |       |       |       |    12 |     1 |       |       |       ||    13
 Invoke: Berserk           |     3 |     2 |     3 |     1 |    15 |     4 |       |       |       ||    28
         Trog's Hand       |       |     1 |       |       |     2 |     8 |    17 |    10 |     4 ||    42
         Brothers in Arms  |       |       |       |     2 |     3 |     3 |     1 |     7 |     2 ||    18
  Evoke: Wand              |       |       |     7 |     1 |    21 |    33 |    15 |     2 |     8 ||    87
         Phantom mirror    |       |       |       |       |     3 |     4 |     1 |     2 |       ||    10
         Lightning rod     |       |       |       |       |     3 |    11 |     1 |       |       ||    15
         Box of beasts     |       |       |       |       |     1 |     1 |     2 |     1 |       ||     5
         Phial of floods   |       |       |       |       |       |       |     1 |       |       ||     1
         Condenser vane    |       |       |       |       |       |       |     1 |       |     1 ||     2
    Use: Scroll            |     5 |       |     2 |       |    12 |    18 |    11 |    16 |    13 ||    77
         Potion            |       |       |       |     3 |     3 |     6 |     7 |     2 |    19 ||    40
   Stab: Distracted        |       |     1 |       |       |       |    21 |    43 |     6 |     3 ||    74
         Paralysed         |       |       |       |       |    15 |    19 |       |       |       ||    34
         Confused          |       |       |       |       |       |     1 |       |       |       ||     1
         Invisible         |       |       |       |       |       |       |       |       |     2 ||     2
 Armour: Ring mail         |    20 |       |       |       |       |       |       |       |       ||    20
         Chain mail        |    14 |    59 |   164 |    13 |   283 |   818 |   149 |   153 |       ||  1653
         Plate armour      |       |       |       |       |       |       |   102 |       |       ||   102
         Gold dragon scale |       |       |       |       |       |       |       |   353 |   252 ||   605
  Dodge: Dodged            |    58 |    44 |   134 |    12 |   322 |  1098 |   385 |   631 |   264 ||  2948
  Block: Other             |    16 |    16 |    64 |       |       |       |       |       |       ||    96
         Kite shield       |       |       |     1 |    58 |  1062 |  2083 |   515 |       |       ||  3719
         Tower shield      |       |       |       |       |       |       |   704 |  2069 |   817 ||  3590
         Reflection        |       |       |       |       |       |       |    89 |     1 |       ||    90
